 Dungeon Crawl Stone Soup version 0.13-a0-2940-gab44624 (webtiles) character file.

645 PolkaDot the Ruinous (level 6, -6/39 HPs)
             Began as a Vampire Wizard on Sept 4, 2013.
             Killed by divine providence
             ... invoked by an orc priest
              (15 damage)
             ... on Level 4 of the Dungeon.
             The game lasted 00:19:29 (3295 turns).

PolkaDot the Ruinous (Vampire Wizard)               Turns: 3295, Time: 00:19:32

HP  -6/39        AC  2     Str  6      XL: 6   Next: 74%
MP   3/15        EV 12     Int 22      God:
Gold 195         SH  0     Dex 12      Spells:  3 memorised,  4 levels left

Res.Fire  : . . .   See Invis. : +   n - staff of poison
Res.Cold  : . . .   Warding    : .   a - +0 robe
Life Prot.: + . .   Conserve   : .   (no shield)
Res.Poison: +       Res.Corr.  : .   b - +0 wizard hat
Res.Elec. : .       Clarity    : .   (no cloak)
Sust.Abil.: . .     Spirit.Shd : .   (no gloves)
Res.Mut.  : .       Stasis     : .   (no boots)
Res.Rott. : .       Flight     : .   (no amulet)
Saprovore : . . .                    (no ring)
                                     k - ring of protection from magic {unknown}

@: very slightly contaminated, quite resistant to hostile enchantments, stealthy
A: bottle blood, fangs 3, see invisible, unbreathing
a: Bat Form, Bottle Blood


You were on level 4 of the Dungeon.
You were not thirsty.

You visited 1 branch of the dungeon, and saw 4 of its levels.

You collected 175 gold pieces.

Inventory:

Armour
 a - a +0 robe (worn)
 b - a +0 wizard hat (worn)
 e - a +0 cloak
Scrolls
 d - a scroll of fog {unknown}
 f - a scroll of magic mapping {unknown}
 g - 3 scrolls of enchant weapon II {unknown}
 h - a scroll of identify {unknown}
 i - a scroll of curse jewellery {unknown}
 j - a scroll of fear {unknown}
 l - 2 scrolls of remove curse {unknown}
 m - a scroll of teleportation {unknown}
 o - a scroll of blinking {unknown}
Jewellery
 k - a ring of protection from magic (left hand) {unknown}
Books
 c - a book of Minor Magic

   Spells                             Type                      Level
   *Magic Dart                        Conjuration                  1
   Blink                              Translocation                2
   Call Imp                           Summoning                    2
   Repel Missiles                     Charms/Air                   2
   Slow                               Hexes                        2
   *Conjure Flame                     Conjuration/Fire             3
   *Mephitic Cloud                    Conjuration/Poison/Air       3
Magical staves
 n - an uncursed staff of poison (weapon)


   Skills:
 - Level 2.1 Dodging
 - Level 3.0 Stealth
 - Level 3.0 Spellcasting
 * Level 4.1 Conjurations
   Level 1.0 Summonings
   Level 0.7 Translocations
 + Level 2.8 Air Magic
 + Level 2.5 Poison Magic


You had 4 spell levels left.
You knew the following spells:

 Your Spells              Type           Power        Failure   Level  Hunger
a - Magic Dart            Conj           ###.         2%          1    None
d - Mephitic Cloud        Conj/Pois/Air  ####....     12%         3    ###....
s - Conjure Flame         Conj/Fire      ##......     17%         3    ###....


Dungeon Overview and Level Annotations

Branches:
Dungeon (4/27)
 Temple: D:4-7

Altars:
Kikubaaqudgha


Innate Abilities, Weirdness & Mutations

You can bottle blood from corpses.
You have razor-sharp teeth.*
You have supernaturally acute eyesight.
You can survive without breathing.*


Message History

The orc priest is almost dead.
The orc priest looks more healthy.
The orc hits you with a dwarven mace.
The orc priest's eyes start to glow.
You barely miss the orc priest.
The orc priest is almost dead.
The orc barely misses you.
The orc priest calls down the wrath of Beogh upon you.
Pain shoots through your body!
* * * LOW HITPOINT WARNING * * *
Casting: Mephitic Cloud
Confirm with . or Enter, or press ? or * to list all spells.
Aiming: Mephitic Cloud
Press: ? - help, Shift-Dir - straight line, f - you, p - orc priest You feel a surge of power!
You miscast Mephitic Cloud.
You are very lightly contaminated with residual magic.
Sparks of electricity dance between your hands.
The orc hits you but does no damage.
The orc priest calls down the wrath of Beogh upon you.
Something smites you!
You die...

## ##.....))# #
#######'###
#......).)#
#........)#
#.........###
#.........'.#
####.....%..)#..#
...'.....o.o.##..#
####....%)@..# #..
######'#### #..
###. .# . '# .


You could see an orc priest and an orc.

Vanquished Creatures
  Eustachio (D:4)
  Blork the orc (D:4)
  A hound (D:4)
  3 worker ants (D:4)
  6 adders
  3 worms
  A giant gecko (D:1)
  13 orcs
  3 bats (D:1)
  13 goblins
  11 hobgoblins
  10 kobolds
  2 giant cockroaches
  2 giant newts (D:1)
  2 jackals (D:3)
  9 rats
81 creatures vanquished.

Notes
Turn   | Place    | Note
--------------------------------------------------------------
     0 | D:1      | PolkaDot, the Vampire Wizard, began the quest for the Orb.
     0 | D:1      | Reached XP level 1. HP: 11/11 MP: 6/6
    31 | D:1      | Reached skill level 1 in Conjurations
   143 | D:2      | Reached XP level 2. HP: 7/17 MP: 5/8
   599 | D:1      | Reached XP level 3. HP: 22/22 MP: 6/10
   604 | D:1      | Learned a level 3 spell: Conjure Flame
   608 | D:1      | Learned a level 3 spell: Mephitic Cloud
  1456 | D:2      | Found an ancient bone altar of Kikubaaqudgha.
  1723 | D:3      | Reached XP level 4. HP: 8/28 MP: 2/12
  1817 | D:3      | HP: 1/28 [orc/orcish mace (9)]
  1985 | D:3      | Reached skill level 1 in Air Magic
  2121 | D:3      | Reached skill level 1 in Poison Magic
  2678 | D:4      | Reached XP level 5. HP: 33/33 MP: 5/13
  2832 | D:4      | Noticed Eustachio
  2865 | D:4      | Killed Eustachio
  2865 | D:4      | Reached XP level 6. HP: 30/39 MP: 6/15
  2900 | D:4      | Noticed Blork the orc
  2932 | D:4      | Killed Blork the orc
  3046 | D:4      | Reached skill level 4 in Conjurations
  3295 | D:4      | Killed from afar by an orc priest

Action                   |  1- 3 |  4- 6 || total
-------------------------+-------+-------++-------
Melee: Unarmed           |     2 |       ||     2
       Staff             |     2 |    89 ||    91
 Cast: Magic Dart        |    99 |   113 ||   212
       Conjure Flame     |     1 |       ||     1
       Mephitic Cloud    |       |    14 ||    14
  Use: Potion            |       |     6 ||     6
 Stab: Sleeping          |     1 |       ||     1
       Confused          |       |     8 ||     8
